Map: Orbital Shipyard

Players

Grumm - Winner!

  • Race: Protoss Protoss
  • League: Gold

SXShade

  • Race: Protoss Protoss
  • League: Gold

VOD

Have the link to the VOD?

Description

Time

  • Played on: Feb. 19, 2016, 12:57 p.m.
  • Length: 14:00
Show
View Real Time Build Order
Export as new Build Order

Grumm Protoss - Winner!

Build Orders:  

Get SALT Encoding   

  12  0:01  Probe (Chrono Boost)  
  13  0:11  Probe (Chrono Boost)  
  14  0:17  Pylon  
  14  0:22  Probe (Chrono Boost)  
  15  0:32  Assimilator  
  15  0:36  Probe (Chrono Boost)  
  16  0:43  Gateway  
  16  0:46  Probe (Chrono Boost)  
  18  0:57  Probe (Chrono Boost)  
  18  1:08  Gateway  
  18  1:11  Probe (Chrono Boost)  
  19  1:20  Pylon  
  19  1:24  Probe (Chrono Boost)  
  20  1:35  Probe (Chrono Boost)  
  20  1:36  Zealot  
  20  1:39  Cybernetics Core  
  23  1:49  Assimilator  
  23  1:59  Probe (Chrono Boost)  
  24  2:14  Nexus  
  24  2:20  Warp Gate  
  24  2:30  Stalker  
  24  2:31  Adept  
  28  2:43  Pylon  
  28  2:48  Mothership Core (Chrono Boost)  
  29  3:04  Stalker  
  29  3:05  Stalker  
  29  3:06  Probe (Chrono Boost)  
  32  3:13  Forge  
  32  3:25  Probe (Chrono Boost)  
  33  3:36  Stargate  
  33  4:06  Probe (Chrono Boost)  
  33  4:08  Pylon  
  34  4:10  Assimilator  
  34  4:19  Oracle  
  34  4:23  Photon Cannon  
  37  4:28  Photon Cannon  
  37  4:29  Probe x2 (Chrono Boost)  
  39  4:40  Probe (Chrono Boost)  
  39  4:41  Protoss Ground Weapons Level 1  
  40  4:47  Probe (Chrono Boost)  
  40  4:50  Probe (Chrono Boost)  
  42  4:53  Gateway  
  42  5:00  Stalker  
  42  5:01  Adept  
  46  5:13  Void Ray  
  50  5:17  Probe (Chrono Boost)  
  51  5:39  Probe (Chrono Boost)  
  51  5:40  Probe (Chrono Boost)  
  49  6:09  Photon Cannon  
  48  6:16  Photon Cannon  
  43  6:20  Probe (Chrono Boost)  
  44  6:26  Photon Cannon  
  44  6:28  Pylon  
  42  6:37  Probe (Chrono Boost)  
  42  6:38  Oracle  
  44  6:42  Protoss Ground Armor Level 1  
  44  6:50  Gateway  
  44  6:52  Probe (Chrono Boost)  
  45  6:59  Robotics Facility  
  45  7:00  Pylon, Probe (Chrono Boost)  
  46  7:04  Stalker  
  46  7:05  Stalker  
  46  7:07  Adept  
  52  7:14  Probe x2 (Chrono Boost)  
  54  7:18  Pylon  
  54  7:25  Probe x2 (Chrono Boost)  
  56  7:55  Stalker x3  
  62  7:59  Void Ray  
  62  8:01  Observer  
  67  8:10  Pylon, Probe (Chrono Boost)  
  66  8:33  Stalker x2  
  70  8:35  Probe (Chrono Boost)  
  70  8:38  Photon Cannon  
  71  8:44  Photon Cannon  
  71  8:48  Stalker  
  73  8:50  Immortal  
  73  8:53  Void Ray  
  81  9:03  Pylon  
  81  9:15  Adept x2  
  85  9:18  Probe (Chrono Boost)  
  85  9:19  Gateway  
  85  9:21  Probe (Chrono Boost)  
  85  9:23  Assimilator  
  87  9:24  Photon Cannon  
  87  9:29  Probe (Chrono Boost)  
  92  9:31  Immortal  
  92  9:32  Probe (Chrono Boost)  
  93  9:39  Probe (Chrono Boost)  
  94  10:01  Twilight Council  
  94  10:03  Pylon  
  94  10:06  Photon Cannon  
  94  10:08  Pylon  
  94  10:10  Robotics Facility  
  94  10:21  Probe x2 (Chrono Boost)  
  96  10:22  Nexus  
  96  10:25  Pylon  
  96  10:31  Pylon  
  96  10:40  Charge  
  96  10:41  Void Ray  
  100  10:44  Immortal  
  104  10:58  Photon Cannon  
  104  11:02  Photon Cannon  
  104  11:05  Warp Prism  
  106  11:23  Observer  
  107  11:33  Photon Cannon  
  107  11:39  Probe (Chrono Boost)  
  110  11:40  Probe x2 (Chrono Boost)  
  110  11:44  Void Ray  
  110  11:46  Immortal  
  118  11:50  Probe x3 (Chrono Boost)  
  121  12:10  Probe (Chrono Boost)  
  119  12:18  Adept  
  119  12:19  Adept x4  
  129  12:27  Probe (Chrono Boost)  
  130  12:30  Photon Cannon  
  130  12:49  Forge  
  130  12:55  Probe (Chrono Boost)  
  131  13:00  Assimilator  
  131  13:13  Pylon, Adept  
  131  13:14  Adept x4  
  113  13:53  Zealot x3  
  113  13:54  Zealot x2  
Show
View Real Time Build Order
Export as new Build Order

SXShade Protoss 

Build Orders: Blink Stalkers, Dark Templar Rush 

Get SALT Encoding   

  12  0:01  Probe (Chrono Boost)  
  13  0:12  Probe (Chrono Boost)  
  14  0:21  Pylon  
  14  0:22  Probe (Chrono Boost)  
  15  0:40  Gateway, Probe (Chrono Boost)  
  16  0:50  Probe (Chrono Boost)  
  16  0:51  Assimilator  
  17  1:01  Probe (Chrono Boost)  
  18  1:08  Gateway  
  19  1:11  Probe (Chrono Boost)  
  19  1:17  Assimilator  
  19  1:34  Probe (Chrono Boost)  
  19  1:35  Cybernetics Core  
  20  1:44  Probe (Chrono Boost)  
  21  1:50  Pylon  
  21  1:55  Probe (Chrono Boost)  
  22  2:05  Probe (Chrono Boost)  
  23  2:12  Adept  
  25  2:19  Mothership Core (Chrono Boost)  
  27  2:23  Adept  
  27  2:29  Pylon  
  29  2:33  Warp Gate (Chrono Boost)  
  29  2:38  Probe  
  30  2:51  Twilight Council  
  30  3:15  Gateway  
  30  3:16  Probe  
  30  3:18  Pylon  
  31  3:25  Adept  
  33  3:28  Probe  
  33  3:32  Dark Shrine  
  34  3:45  Blink (Chrono Boost)  
  34  3:49  Stalker  
  32  4:25  Nexus  
  32  4:26  Probe (Chrono Boost)  
  33  4:37  Robotics Facility  
  34  4:38  Probe (Chrono Boost)  
  34  4:45  Sentry  
  36  4:48  Dark Templar  
  38  4:56  Zealot  
  40  5:02  Gateway  
  40  5:13  Dark Templar  
  42  5:24  Dark Templar  
  44  5:32  Zealot  
  46  5:36  Probe  
  47  5:48  Probe  
  46  5:58  Stalker x3  
  46  6:00  Probe  
  31  6:15  Probe  
  31  6:17  Probe  
  33  6:22  Zealot x2  
  35  6:29  Probe  
  36  6:36  Zealot  
  36  6:37  Probe  
  39  6:41  Probe  
  40  6:53  Warp Prism (Chrono Boost)  
  42  6:56  Probe  
  42  6:59  Probe  
  44  7:08  Probe (Chrono Boost), Sentry  
  44  7:15  Probe (Chrono Boost)  
  48  7:20  Probe (Chrono Boost)  
  49  7:26  Probe (Chrono Boost), Zealot  
  50  7:53  Stalker  
  52  8:00  Probe x2 (Chrono Boost)  
  52  8:01  Zealot x3  
  60  8:10  Probe (Chrono Boost)  
  61  8:42  Pylon  
  61  8:44  Pylon  
  61  8:46  Pylon  
  61  9:01  Stalker x4  
  69  9:05  Gateway  
  69  9:09  Gateway  
  69  9:13  Probe x2 (Chrono Boost), Gateway  
  69  9:15  Assimilator  
  69  9:16  Gateway  
  71  9:21  Assimilator  
  71  9:34  Stalker x2  
  75  9:50  Robotics Bay  
  75  10:19  Nexus  
  73  10:24  Stalker  
  73  10:25  Stalker x3  
  81  10:32  Probe (Chrono Boost)  
  81  10:33  Probe (Chrono Boost)  
  83  10:42  Disruptor (Chrono Boost)  
  86  10:55  Pylon  
  86  11:00  Pylon  
  86  11:08  Pylon  
  86  11:13  Probe (Chrono Boost)  
  86  11:14  Mothership Core (Chrono Boost)  
  89  11:34  Stalker x2  
  93  11:42  Stargate  
  93  11:43  Probe x3 (Chrono Boost)  
  96  11:49  Forge  
  96  11:54  Probe x3 (Chrono Boost)  
  98  12:11  Disruptor (Chrono Boost)  
  98  12:14  Zealot x2  
  105  12:22  Pylon  
  105  12:26  Phoenix (Chrono Boost)  
  107  12:30  Probe x3  
  110  12:40  Probe  
  110  12:42  Probe  
  112  12:44  Disruptor (Chrono Boost)  
  112  12:49  Templar Archives  
  115  12:55  Pylon  
  115  12:57  Pylon  
  115  12:58  Phoenix  
  117  13:11  Probe, Stalker x2  
  121  13:13  Probe x2  
  91  13:36  Stalker x3  
  91  13:39  Stalker  
  67  13:47  Stalker x2  
Tags
 
Add a new tag
Caveats
  • Supply blocks, unpowered buildings, or Contaminate may cause inaccurate times.
  • Supply counts are checked every 10 seconds.